 Dungeon Crawl Stone Soup version 0.31-a0-217-g58bb5d79cf (webtiles) character file.

Game seed: 3634661429945812255

3973 qw the Cleaver (level 10, 0/63 HPs)
             Began as a Gargoyle Fighter on July 2, 2023.
             Was a Believer of Okawaru.
             Slain by a wight
             ... wielding a +3 trident
              (6 damage)
             ... on level 7 of the Dungeon.
             The game lasted 00:02:37 (5850 turns).

qw the Cleaver (Gargoyle Fighter)                   Turns: 5850, Time: 00:02:38

Health: 0/63       AC: 27    Str: 25    XL:     10   Next: 22%
Magic:  12/13      EV:  9    Int:  8    God:    Okawaru [**....]
Gold:   320        SH:  5    Dex:  9    Spells: 9/9 levels left

rFire   . . .        Y - +3 war axe (heavy)
rCold   . . .        c - +0 buckler
rNeg    + . .        b - +0 plate armour
rPois   inf          k - +2 helmet {SInv}
rElec   +            (no cloak)
rCorr   .            n - +0 pair of gloves
SInv    +            (no boots)
Will    .....        (no amulet) Stlth
                     (no ring)
HPRegen 0.30/turn    (no ring)
MPRegen 0.13/turn

%: no passive effects
@: about to teleport, heroic
A: sickness immunity, AC +7, negative energy resistance 1, electricity
resistance, torment resistance 1, petrification resistance
a: Renounce Religion, Heroism


You were on level 7 of the Dungeon.
You worshipped Okawaru.
Okawaru was pleased with you.
You visited 1 branch of the dungeon, and saw 8 of its levels.
You also visited: Sewer.

You collected 320 gold pieces.


Innate Abilities, Weirdness & Mutations

You are immune to sickness and miasma.
Your stone body is resilient. (AC +7)
You are immune to poison.
You resist negative energy. (rN+)
You are resistant to electric shocks. (rElec)
You are resistant to unholy torment.
You are immune to petrification.


   Skills:
 + Level 7.3(12.3) Fighting
 - Level 10.0(15.0) Axes
 - Level 2.7(7.7) Throwing
 - Level 6.0(11.0) Armour
 - Level 1.1(6.1) Dodging
 - Level 4.1(9.1) Shields
 - Level 4.5 Invocations


You had 9 spell levels left.
You didn't know any spells.
Your spell library was empty.

Inventory:

Hand Weapons
 s - a +3 morningstar
 Y - a +3 heavy war axe (weapon)
Missiles
 g - a boomerang (quivered)
Armour
 b - a +0 plate armour (worn)
 c - a +0 buckler (worn)
 k - a +2 helmet of see invisible (worn)
 n - a +0 pair of gloves (worn)
Wands
 p - a wand of digging (8)
Scrolls
 j - a scroll of identify
 l - 2 scrolls of teleportation
Potions
 d - 3 potions of might
 f - a potion of attraction
 i - a potion of resistance
 m - a potion of enlightenment
 o - a potion of lignification
 t - a potion of magic {unknown}

Dungeon Overview and Level Annotations

Branches:
Dungeon (8/15)             Temple (0/1) D:5           Sewer (visited)
   Lair: D:8-11

Altars:
Okawaru
Wu Jian

Shops:
D:4 (

Annotations:
D:5 2 transporters


Message History

You are engulfed in a cloud of scalding steam.
The gnoll closely misses you. The gnoll barely misses you.
The wight hits you from afar with a +3 trident.
The gnoll sergeant barely misses you. You block the wight's attack.
The kobold barely misses you. The kobold completely misses you.
You barely miss the kobold. You hit the kobold but do no damage.
You are engulfed in a cloud of scalding steam.
The bullfrog is engulfed in a cloud of scalding steam.
The gnoll closely misses you.
A skeletal warrior comes into view. It is wielding a +0 battleaxe.
You block the gnoll's attack. The wight barely misses you.
The gnoll sergeant hits you but does no damage.
You block the wight's attack. The kobold closely misses you.
The kobold barely misses you.
You barely miss the kobold. You miss the kobold.
You are engulfed in a cloud of scalding steam.
The gnoll hits you from afar with a +0 halberd.
You block the gnoll's attack. The wight hits you but does no damage.
The gnoll sergeant hits you but does no damage.
The wight hits you from afar with a +3 spear.
The kobold hits you but does no damage. You block the kobold's attack.
5849 ||| READING 3 scrolls of teleportation.
As you read the scroll of teleportation, it crumbles to dust.
You feel strangely unstable.
The bullfrog is engulfed in a cloud of scalding steam.
The gnoll misses you. The gnoll hits you but does no damage.
The wight hits you from afar with a +3 trident!
The gnoll sergeant hits you from afar with a +0 trident.
The wight hits you but does no damage. You block the kobold's attack.
The kobold barely misses you.
You slash the bullfrog!
The bullfrog is almost dead.
You slice the kobold!!
You kill the kobold!
Okawaru accepts your kill.
You closely miss the kobold. You block the bullfrog's attack.
The bullfrog hits you but does no damage.
The wight hits you from afar with a +3 trident.
You die...

#......##
......... .
###...z...#
..###$.......#
............#
.(...gz....###
.....g)))....##.
....zg.@F¤.)D...
.....z.)K.......
.$....##.)......
##...# ##.......
....# .!.....
...^ ....... ...
....... ##
.#....# .####..


You could see a skeletal warrior, a steam dragon, a gnoll sergeant, a bullfrog,
3 wights, 2 gnolls and a kobold.

Vanquished Creatures
  Pikel (D:4)
  Joseph (D:8)
  Grinder (D:3)
  A steam dragon (D:6)
  2 water moccasins
  An orc warrior (D:8)
  Pargi (Sewer)
  An ice beast (D:8)
  A sky beast (D:8)
  2 ogres
  2 black bears
  A centaur (D:6)
  2 phantoms
  4 lemures (D:4)
  2 kobold brigands (D:7)
  2 bullfrogs
  3 scorpions
  6 wights (D:8)
  5 killer bees (D:7)
  3 howler monkeys (D:8)
  2 gnoll boudas
  3 orc priests
  Ijyb (D:3)
  4 orc wizards
  2 iguanas
  Terence (D:2)
  12 gnolls
  7 adders
  A shadow imp (D:4)
  A white imp (D:5)
  3 worms
  2 dart slugs
  12 orcs
  9 ball pythons
  13 endoplasms
  2 giant cockroaches
  12 goblins
  8 hobgoblins
  2 jackals (D:5)
  14 kobolds
  3 quokkas
  4 bats
  7 frilled lizards
  6 rats
173 creatures vanquished.

Vanquished Creatures (others)
  A kobold (D:7)
1 creature vanquished.

Grand Total: 174 creatures vanquished

Notes
Turn   | Place    | Note
-------+----------+-------------------------------------------
     0 | D:1      | qw the Gargoyle Fighter began the quest for the Orb.
     0 | D:1      | Reached XP level 1. HP: 14/14 MP: 1/1
     0 | D:1      | 0 ||| qw: Version: 0.3-a-40-ge99b1a8
     0 | D:1      | 0 ||| qw: Game counter: 8023
     0 | D:1      | 0 ||| qw: Melee chars always use a shield: true
     0 | D:1      | 0 ||| qw: God list: Okawaru
     0 | D:1      | 0 ||| qw: Allow faded altars: false
     0 | D:1      | 0 ||| qw: Do Orc after clearing Dungeon:15 true
     0 | D:1      | 0 ||| qw: Do second Lair branch before Depths: true
     0 | D:1      | 0 ||| qw: Lair rune preference: random
     0 | D:1      | 0 ||| qw: Goals: Normal, Zot:1-4, Slime:5, God:TSO, Crypt,
                  | Tomb, Abyss, Pan, Hells, Win
     0 | D:1      | 0 ||| PLANNING D:1-11
    76 | D:1      | Reached skill level 2 in Axes
   206 | D:1      | 206 ||| SWAPPING to +0 war axe of flaming.
   207 | D:1      | 207 ||| DROPPING +0 war axe.
   208 | D:1      | 208 ||| DROPPING +0 club.
   370 | D:1      | Reached XP level 2. HP: 19/19 MP: 2/2
   372 | D:1      | 372 ||| Stepping ~*~*~tactically~*~*~ (stealth).
   475 | D:1      | 475 ||| Stepping ~*~*~tactically~*~*~ (hiding).
   825 | D:1      | Reached skill level 3 in Axes
   846 | D:1      | Reached XP level 3. HP: 23/23 MP: 3/3
  1136 | D:1      | 1136 ||| UPGRADING to +0 helmet.
  1141 | D:1      | 1141 ||| READING scroll labelled PEYBLIAKLO.
  1142 | D:1      | 1142 ||| READING scroll labelled JIAFEA COQUR.
  1143 | D:1      | 1143 ||| READING scroll labelled JIPRAWKEJOM.
  1329 | D:2      | Noticed Terence
  1333 | D:2      | Killed Terence
  1334 | D:2      | Reached XP level 4. HP: 28/28 MP: 4/4
  1347 | D:2      | 1347 ||| Stepping ~*~*~tactically~*~*~ (stealth).
  1348 | D:2      | 1348 ||| Stepping ~*~*~tactically~*~*~ (stealth).
  1476 | D:2      | Reached skill level 4 in Axes
  1653 | D:2      | Found an ornate altar of the Wu Jian Council.
  2004 | D:2      | 2004 ||| UPGRADING to +0 chain mail.
  2014 | D:2      | 2014 ||| DROPPING +0 scale mail.
  2015 | D:2      | 2015 ||| UPGRADING to +2 helmet of see invisible.
  2025 | D:2      | 2025 ||| DROPPING +0 helmet.
  2026 | D:2      | 2026 ||| READING scroll labelled HUCA KETIMUDOU.
  2027 | D:2      | 2027 ||| READING scroll labelled DIWYOCL VUANY.
  2028 | D:2      | 2028 ||| READING 2 scrolls labelled WUPTEDY XYILOH.
  2031 | D:2      | 2031 ||| READING 2 scrolls of identify.
  2031 | D:2      | 2031 ||| IDENTIFYING metallic sapphire potion
  2044 | D:3      | Noticed Ijyb
  2050 | D:3      | Killed Ijyb
  2052 | D:3      | 2052 ||| FLEEEEING.
  2053 | D:3      | 2053 ||| FLEEEEING.
  2100 | D:3      | Noticed a water moccasin
  2112 | D:3      | Killed a water moccasin
  2113 | D:3      | Reached skill level 5 in Axes
  2113 | D:3      | Reached XP level 5. HP: 17/32 MP: 5/5
  2193 | D:3      | Reached XP level 6. HP: 37/37 MP: 6/6
  2261 | D:3      | 2261 ||| Stepping ~*~*~tactically~*~*~ (hiding).
  2482 | D:3      | Noticed Grinder
  2487 | D:3      | Paralysed by Grinder for 3 turns
  2492 | D:3      | Killed Grinder
  2493 | D:3      | Reached XP level 7. HP: 26/44 MP: 7/7
  3150 | D:3      | 3150 ||| READING 2 scrolls labelled PEIPPO ZOMIONG.
  3151 | D:3      | 3151 ||| READING scroll labelled DOMIF VE NESIM.
  3152 | D:3      | 3152 ||| READING 2 scrolls labelled SEAHUSOEST.
  3153 | D:3      | 3153 ||| READING scroll of enchant weapon.
  3153 | D:3      | 3153 ||| ENCHANTING +1 heavy war axe.
  3154 | D:3      | 3154 ||| DRINKING 2 amethyst potions.
  3155 | D:3      | 3155 ||| DRINKING 2 coppery potions.
  3156 | D:3      | 3156 ||| DROPPING potion of brilliance.
  3157 | D:3      | 3157 ||| DROPPING scroll of amnesia.
  3187 | D:4      | 3187 ||| PLANNING SEWER
  3189 | D:4      | 3189 ||| STAIRDANCE
  3192 | D:3      | Reached skill level 6 in Axes
  3223 | D:4      | 3223 ||| STAIRDANCE
  3236 | D:3      | Reached skill level 1 in Dodging
  3258 | D:3      | 3258 ||| DROPPING +0 mace.
  3377 | D:4      | 3377 ||| FLEEEEING.
  3378 | D:4      | 3378 ||| FLEEEEING.
  3379 | D:4      | 3379 ||| FLEEEEING.
  3380 | D:4      | 3380 ||| FLEEEEING.
  3381 | D:4      | 3381 ||| FLEEEEING.
  3382 | D:4      | 3382 ||| FLEEEEING.
  3383 | D:4      | 3383 ||| FLEEEEING.
  3384 | D:4      | 3384 ||| FLEEEEING.
  3488 | D:4      | Found an iron altar of Okawaru.
  3582 | D:4      | 3582 ||| Stepping ~*~*~tactically~*~*~ (hiding).
  3675 | D:4      | Found Kepol's Firing Range.
  3714 | D:4      | Found a glowing drain.
  3715 | D:4      | 3715 ||| UPGRADING to +0 plate armour.
  3725 | D:4      | 3725 ||| DROPPING +0 chain mail.
  3731 | D:4      | 3731 ||| Stepping ~*~*~tactically~*~*~ (water).
  3739 | Sewer    | Entered a sewer
  3782 | Sewer    | Noticed Pargi
  3797 | Sewer    | Killed Pargi
  3798 | Sewer    | Reached skill level 1 in Throwing
  3798 | Sewer    | Reached XP level 8. HP: 16/50 MP: 8/8
  3971 | Sewer    | 3971 ||| READING scroll of enchant weapon.
  3971 | Sewer    | 3971 ||| ENCHANTING +2 heavy war axe.
  3982 | Sewer    | 3982 ||| READING scroll labelled URATEB POCH.
  3998 | D:4      | 3998 ||| PLANNING OKAWARU WORSHIP
  4060 | D:4      | Became a worshipper of Warmaster Okawaru
  4061 | D:4      | 4061 ||| PLANNING D:1-11
  4206 | D:4      | Noticed Pikel
  4220 | D:4      | Killed Pikel
  4221 | D:4      | Reached skill level 8 in Axes
  4407 | D:4      | 4407 ||| READING 2 scrolls of identify.
  4407 | D:4      | 4407 ||| IDENTIFYING murky grey potion
  4429 | D:5      | Entered Level 5 of the Dungeon
  4432 | D:5      | 4432 ||| STAIRDANCE
  4506 | D:5      | Reached * piety under Okawaru
  4507 | D:5      | 4507 ||| INVOKING Heroism.
  4508 | D:5      | 4508 ||| Stepping ~*~*~tactically~*~*~ (water).
  4584 | D:5      | Reached skill level 1 in Invocations
  4604 | D:5      | 4604 ||| INVOKING Heroism.
  4608 | D:5      | Reached skill level 6 in Fighting
  4649 | D:5      | Found a transporter.
  4709 | D:5      | Found a transporter.
  4726 | D:5      | Found a staircase to the Ecumenical Temple.
  4739 | D:5      | Reached XP level 9. HP: 55/55 MP: 8/10
  5182 | D:5      | 5182 ||| UPGRADING to +0 pair of gloves.
  5187 | D:5      | 5187 ||| READING 3 scrolls of identify.
  5187 | D:5      | 5187 ||| IDENTIFYING cyan potion
  5188 | D:5      | 5188 ||| READING 2 scrolls of identify.
  5188 | D:5      | 5188 ||| IDENTIFYING glowing purple potion
  5189 | D:5      | 5189 ||| DROPPING potion of degeneration.
  5203 | D:6      | 5203 ||| INVOKING Heroism.
  5411 | D:6      | 5411 ||| INVOKING Heroism.
  5477 | D:6      | 5477 ||| Stepping ~*~*~tactically~*~*~ (hiding).
  5484 | D:6      | Reached skill level 3 in Invocations
  5569 | D:6      | 5569 ||| INVOKING Heroism.
  5666 | D:6      | You fall into a shaft and drop 2 floors!
  5672 | D:8      | Noticed Joseph
  5677 | D:8      | Killed Joseph
  5678 | D:8      | Reached skill level 9 in Axes
  5682 | D:8      | Reached ** piety under Okawaru
  5689 | D:8      | Reached skill level 6 in Armour
  5731 | D:8      | 5731 ||| DROPPING +0 flail.
  5792 | D:8      | 5792 ||| READING scroll labelled BUMUSA CECW.
  5793 | D:8      | 5793 ||| READING scroll labelled CICWIU CIONT.
  5794 | D:8      | 5794 ||| READING 2 scrolls of identify.
  5794 | D:8      | 5794 ||| IDENTIFYING viscous coppery potion
  5800 | D:8      | 5800 ||| INVOKING Heroism.
  5805 | D:8      | 5805 ||| Stepping ~*~*~tactically~*~*~ (stealth).
  5811 | D:8      | Reached XP level 10. HP: 59/63 MP: 11/13
  5817 | D:8      | 5817 ||| DRINKING potion of curing.
  5817 | D:8      | 5817 ||| (to cure confusion)
  5840 | D:7      | 5840 ||| INVOKING Heroism.
  5842 | D:7      | Reached skill level 10 in Axes
  5847 | D:7      | Noticed a skeletal warrior
  5848 | D:7      | HP: 15/63 [wight/+3 spear (1)]
  5849 | D:7      | 5849 ||| READING 3 scrolls of teleportation.
  5849 | D:7      | HP: 6/63 [wight/+3 trident (9)]
  5850 | D:7      | Slain by a wight

Levels and vault maps discovered:
D:1:      dpeg_arrival_signposts, layout_basic
D:2:      layout_loops_ring, basic_altar, minmay_joined_circles,
          uniq_crazy_yiuf_cottage, uniq_terence
D:3:      layout_basic, st_stairs_9, uniq_ijyb, uniq_grinder
D:4:      layout_rooms, okawaru_altar_gauntlet_db, cheibrodos_sewer_entry_drain,
          minmay_fountain_box, solitary_fountain, serial_bayou_pond_e,
          nicolae_shop_firing_range, uniq_pikel
D:5:      gammafunk_cloud_chamber, layout_loops_ring, minmay_temple_entry_mist,
          serial_bayou, serial_bayou_shore_a, serial_bayou_lagoon_a,
          serial_bayou_lagoon_b, serial_bayou_pond_e, serial_bayou_pond_a,
          serial_bayou_shore_b
D:6:      layout_loops_corners, minmay_statues_item,
          hangedman_decor_peaks_small, palyth_stone_intersect, glass_columns_b,
          uniq_duvessa
D:7:      layout_cave_pools
D:8:      layout_rooms, serial_bayou, serial_bayou_pond_c, serial_bayou_pond_e,
          serial_bayou_shore_b, serial_bayou_pond_a, serial_bayou_crossing,
          serial_bayou_pond_d, enter_bailey_5, uniq_erica, uniq_joseph

Skill      XL: |  1  2  3  4  5  6  7  8  9 10 |
---------------+-------------------------------+-----
Axes           | 2 3 5 6 8 9 10 | 10.0
Fighting       | 5 6 7 |  7.3
Dodging        | 1 |  1.1
Throwing       | 1 2 |  2.7
Armour         | 4 6 |  6.0
Invocations    | 1 4 |  4.5
Shields        | 4 |  4.1

Action                     |  1- 3 |  4- 6 |  7- 9 | 10-12 || total
---------------------------+-------+-------+-------+-------++-------
  Melee: War axe           |    52 |    91 |   220 |    25 ||   388
  Throw: Boomerang         |    46 |     2 |     5 |     3 ||    56
         Javelin           |       |       |    24 |       ||    24
 Invoke: Heroism           |       |       |     6 |     1 ||     7
    Use: Scroll            |     3 |     4 |    12 |     1 ||    20
         Potion            |       |       |     2 |     1 ||     3
 Armour: Scale mail        |    22 |    28 |       |       ||    50
         Chain mail        |       |    43 |    68 |       ||   111
         Plate armour      |       |       |   146 |    62 ||   208
  Dodge: Dodged            |    29 |    43 |   105 |    35 ||   212
  Block: Buckler           |    11 |    18 |    57 |    28 ||   114

Table legend:
 A = Non-vault XP
 B = Vault XP
 C = Vault XP percentage of total XP
 D = Non-vault monster count
 E = Vault monster count
 F = Vault count percentage of total count
                 A         B        C        D         E       F
            +---------+---------+-------+---------+---------+-------
      Total |    4059 |    1618 |  28.5 |     143 |      26 |  15.4
            +---------+---------+-------+---------+---------+-------
        D:1 |      45 |       0 |   0.0 |      25 |       0 |   0.0
        D:2 |      19 |      46 |  70.8 |       9 |       8 |  47.1
        D:3 |     408 |     328 |  44.6 |      29 |       4 |  12.1
        D:4 |     323 |     604 |  65.2 |      18 |       9 |  33.3
        D:5 |     521 |       0 |   0.0 |      16 |       0 |   0.0
        D:6 |     795 |       0 |   0.0 |      11 |       0 |   0.0
        D:7 |     902 |       0 |   0.0 |      19 |       0 |   0.0
        D:8 |    1046 |     502 |  32.4 |      16 |       1 |   5.9
      Sewer |       0 |     138 | 100.0 |       0 |       4 | 100.0
            +---------+---------+-------+---------+---------+-------
